 Dungeon Crawl Stone Soup version 0.19.0-24-gb05acd6 (webtiles) character file.

3784 Alarkh the Caller (level 9, -15/65 HPs)
             Began as a Mummy Summoner on Nov 8, 2016.
             Was a Priest of Okawaru.
             Demolished by a minotaur
             ... wielding a +6 short sword of venom
              (29 damage)
             ... in a labyrinth on Nov 20, 2016.
             The game lasted 00:33:44 (13604 turns).

Alarkh the Caller (Mummy Summoner)                 Turns: 13604, Time: 00:33:46

Health: -15/65     AC:  9    Str: 14    XL:     9   Next: 95%
Magic:  9/20       EV: 11    Int: 17    God:    Okawaru [***...]
Gold:   536        SH:  8    Dex: 12    Spells: 4 memorised, 12 levels left

rFire  x . .     SeeInvis .     q - +0 trident
rCold  + + .     Gourm    .     v - +0 leather armour {rC+}
rNeg   + + +     Faith    .     C - +0 buckler
rPois  ∞         Spirit   .     h - +1 helmet
rElec  .         Reflect  +     m - +2 cloak
rCorr  .         Harm     .     d - +0 pair of gloves
MR     +....                    (no boots)
Stlth  +.........               G - +4 amulet of reflection
                                F - ring of wizardry
                                i - +2 ring of strength

@: no status effects
A: no food or potions, fire vulnerability, cold resistance 1, negative energy
resistance 3, torment resistance, unbreathing
a: Heroism, Renounce Religion


You were in a labyrinth.
You worshipped Okawaru.
Okawaru was most pleased with you.
You were not hungry.

You visited 3 branches of the dungeon, and saw 11 of its levels.
You also visited: Labyrinth.

You collected 536 gold pieces.

Inventory:

Hand Weapons
 g - a +0 short sword
 q - a +0 trident (weapon)
Armour
 a - a +0 robe
 d - a +0 pair of gloves (worn)
 h - a +1 helmet (worn)
 m - a +2 cloak (worn)
 v - a +0 leather armour of cold resistance (worn)
 C - a +0 buckler (worn)
Jewellery
 i - a +2 ring of strength (left hand)
 o - a +2 amulet of reflection
 s - an uncursed ring of protection from cold
 F - a ring of wizardry (right hand)
 G - a +4 amulet of reflection (around neck)
Wands
 k - a wand of confusion (19/48)
 t - a wand of digging (13/24)
 w - a wand of random effects (22/48)
 D - a wand of paralysis (11/24)
 E - a wand of lightning (8/15)
 H - a wand of polymorph (11/24)
 I - a wand of lightning (8/15)
Scrolls
 c - 5 scrolls of remove curse
 f - 2 scrolls of teleportation
 j - a scroll of enchant weapon
 l - 3 scrolls of fear
 n - 3 scrolls of enchant armour
 p - 2 scrolls of noise
 r - a scroll of immolation
 u - 3 scrolls of random uselessness
 x - a scroll of blinking
 y - 2 scrolls of amnesia {unknown}
 z - 3 scrolls of fog {unknown}
 A - a scroll of recharging {unknown}
 B - a scroll of vulnerability {unknown}
Books
 b - a book of Callings

   Spells                             Type                      Level
   a - Summon Small Mammal            Summoning                    1
   b - Call Imp                       Summoning                    2
   c - Call Canine Familiar           Summoning                    3
   d - Summon Guardian Golem          Hexes/Summoning              3
   e - Summon Lightning Spire         Summoning/Air                4
   f - Summon Ice Beast               Ice/Summoning                4


   Skills:
 + Level 4.0 Fighting
 * Level 4.9 Polearms
 - Level 1.5 Dodging
 - Level 1.5 Stealth
 + Level 3.0 Shields
 + Level 7.5 Spellcasting
 + Level 7.8 Summonings


You had 12 spell levels left.
You knew the following spells:

 Your Spells              Type           Power        Failure   Level  Hunger
a - Summon Ice Beast      Ice/Summ       ###.....     14%         4    N/A
b - Summon Guardian Gole  Hex/Summ       ###.....     4%          3    N/A
c - Call Canine Familiar  Summ           ####....     1%          3    N/A
d - Summon Small Mammal   Summ           ####         1%          1    N/A

Dungeon Overview and Level Annotations

Branches:
Dungeon (9/15)             Temple (1/1) D:7            Lair (1/6) D:8
    Orc: D:9-12

Altars:
Ashenzari
Cheibriados
Dithmenos
Elyvilon
Fedhas
Gozag
Hepliaklqana
Kikubaaqudgha
Makhleb
Nemelex Xobeh
Okawaru
Qazlal
Ru
Sif Muna
Trog
Uskayaw
Vehumet
Xom
Yredelemnul
Zin
The Shining One

Annotations:
Lair:1 Gastronok


Innate Abilities, Weirdness & Mutations

You do not eat or drink.
Your flesh is vulnerable to fire.
You are immune to poison.
Your flesh is cold resistant. (rC+)
You are immune to negative energy. (rN+++)
You are immune to unholy pain and torment.
You can survive without breathing.


Message History

Your ice beast hits the minotaur but does no damage.
Casting: Summon Ice Beast
Confirm with . or Enter, or press ? or * to list all spells.
A chill wind blows around you.
The minotaur hits you with a short sword of venom!!
Ouch! That really hurt!
* * * LOW HITPOINT WARNING * * *
The minotaur gores you but does no damage.
Unknown command.
Your ice beast hits the minotaur but does no damage.
Your ice beast disappears in a puff of smoke!
Press: ? - help, v - describe, . - travel
Here: a minotaur, wielding a short sword of venom, wearing a plate armour and wearing a ring of wizardry The floor.
Unknown command.
Casting: Summon Ice Beast
Confirm with . or Enter, or press ? or * to list all spells.
Okay, then.
The minotaur hits you with a short sword of venom!!
You die...

########## # .
#.#.#.......# . #.
.#. Y#.##### #...
...#..# ####.
.#..### #
.#..##'##..# .. #.
..#8.8#@.#.
#....#...#H.# # #
###..# #..#
#.....Y#:.[#..# #
#.####. 8. #.## #
# ... . #Y.# #
#.####.# #..#.#
#......#####....#
#####..Y.....##.##


You could see a minotaur and a friendly ice beast.

Vanquished Creatures
  Grinder (D:3)
  A hungry ghost (Lab)
  A porcupine (Lair:1)
  A sky beast (D:7)
  A phantom (D:7)
  A bullfrog (D:7)
  2 scorpions
  A wyvern skeleton (D:8)
  3 hounds (D:8)
  4 orc priests
  2 centaur skeletons (D:4)
  2 orc wizards
  A human skeleton (D:8)
  Natasha (twice) (D:2)
  A worker ant zombie (D:7)
  5 gnolls
  2 howler monkey skeletons
  6 adders
  A worm (D:2)
  2 leopard geckos
  19 orcs
  A ball python (D:1)
  4 bats
  6 giant cockroaches
  17 goblins
  14 hobgoblins
  9 jackals
  A quokka (D:2)
  5 frilled lizards
  5 kobolds
  A quokka skeleton (D:7)
  3 rats
125 creatures vanquished.

Vanquished Creatures (collateral kills)
  A two-headed ogre (D:9)
  Sigmund (D:3)
  3 wraiths (D:8)
  2 basilisks
  Edmund (D:5)
  A porcupine (Lair:1)
  2 sky beasts
  3 orc warriors
  A wolf (D:8)
  2 ogres
  4 centaurs
  4 big kobolds (D:3)
  2 bullfrogs
  2 earth elementals (Lab)
  3 electric eels (D:8)
  A crimson imp (D:8)
  A centaur zombie (D:6)
  4 hounds
  4 human zombies (D:8)
  2 orc priests
  7 orc wizards
  A centaur skeleton (D:4)
  2 human skeletons (D:8)
  Natasha (D:2)
  Terence (D:2)
  4 worker ants
  Ijyb (D:2)
  An ogre skeleton (D:8)
  A mummy (D:8)
  A hound skeleton (D:8)
  7 gnolls
  6 adders
  2 shadow imps
  An ooze (D:1)
  An adder zombie (D:6)
  A worm (D:4)
  A dart slug (D:2)
  2 leopard geckos
  16 orcs
  A ball python (D:1)
  A giant cockroach (D:3)
  16 goblins
  15 hobgoblins
  4 jackals
  2 bats
  2 frilled lizards
  2 kobolds (D:3)
  2 rats
146 creatures vanquished.

Vanquished Creatures (others)
  A troll (D:8)
  A wolf (D:8)
  3 goblins (D:3)
5 creatures vanquished.

Grand Total: 276 creatures vanquished

Notes
Turn   | Place    | Note
-------+----------+-------------------------------------------
     0 | D:1      | Alarkh the Mummy Summoner began the quest for the Orb.
     0 | D:1      | Reached XP level 1. HP: 13/13 MP: 3/3
   526 | D:1      | Reached XP level 2. HP: 3/19 MP: 0/5
  1341 | D:2      | Found a shattered altar of Ashenzari.
  1576 | D:2      | Reached XP level 3. HP: 24/24 MP: 3/6
  1581 | D:2      | Learned a level 3 spell: Call Canine Familiar
  1645 | D:2      | Noticed Terence
  1861 | D:2      | Killed Terence
  1861 | D:2      | Reached XP level 4. HP: 15/30 MP: 1/8
  1921 | D:2      | Noticed Ijyb
  1959 | D:2      | Killed Ijyb
  2241 | D:2      | Noticed Natasha
  2251 | D:2      | Killed Natasha
  2515 | D:2      | Reached XP level 5. HP: 35/35 MP: 10/10
  2567 | D:2      | Found a sacrificial altar of Ru.
  2658 | D:2      | Noticed Natasha
  2664 | D:2      | Killed Natasha
  2768 | D:2      | Noticed Natasha
  2777 | D:2      | Killed Natasha
  2945 | D:3      | Noticed Grinder
  2958 | D:3      | Killed Grinder
  2958 | D:3      | Reached skill level 5 in Summonings
  2958 | D:3      | Reached XP level 6. HP: 41/41 MP: 2/12
  2963 | D:3      | Learned a level 3 spell: Summon Guardian Golem
  2968 | D:3      | Learned a level 4 spell: Summon Ice Beast
  3008 | D:3      | Upgraded the game from 0.19.0-11-g3fc08b3 to 0.19.0-22-gd96e5fe
  3818 | D:3      | Noticed Sigmund
  3982 | D:3      | Killed Sigmund
  4336 | D:3      | Reached XP level 7. HP: 46/46 MP: 11/14
  4369 | D:3      | Reached skill level 5 in Spellcasting
  4614 | D:3      | HP: 2/46 [big kobold/short sword (7)]
  4621 | D:3      | HP: 2/46 [big kobold/short sword (1)]
  5229 | D:3      | Upgraded the game from 0.19.0-22-gd96e5fe to 0.19.0-24-gb05acd6
  5435 | D:4      | Found a shimmering altar of Xom.
  5437 | D:4      | Found a stormy altar of Qazlal.
  5438 | D:4      | Found a snail-covered altar of Cheibriados.
  5438 | D:4      | Found an iron altar of Okawaru.
  5439 | D:4      | Found an ancient bone altar of Kikubaaqudgha.
  5457 | D:4      | Became a worshipper of Warmaster Okawaru
  5606 | D:4      | Found a sparkling altar of Nemelex Xobeh.
  5752 | D:4      | Reached XP level 8. HP: 52/52 MP: 12/17
  6028 | D:5      | Entered Level 5 of the Dungeon
  6288 | D:5      | Noticed Edmund
  6321 | D:5      | Killed Edmund
  6446 | D:5      | Reached skill level 1 in Polearms
  7192 | D:6      | Found a shattered altar of Ashenzari.
  7329 | D:6      | Found a glowing silver altar of Zin.
  7655 | D:7      | Found a staircase to the Ecumenical Temple.
  7674 | Temple   | Entered the Ecumenical Temple
  8149 | D:6      | Reached * piety under Okawaru
  8454 | D:7      | Found a blossoming altar of Fedhas.
  8808 | D:7      | Reached skill level 1 in Fighting
  8808 | D:7      | Reached skill level 1 in Shields
  9357 | D:8      | Got a slimy whip
  9358 | D:8      | Identified the cursed +3 whip of Broken Luck {flame, Fragile rF+ Stlth+} (You found it on level 8 of the Dungeon)
  9447 | D:8      | Reached XP level 9. HP: 38/61 MP: 11/19
  9470 | D:8      | Reached ** piety under Okawaru
  9814 | D:8      | Found a staircase to the Lair.
 10088 | D:8      | Noticed a troll
 10359 | D:8      | Killed a troll
 11748 | D:8      | Found a basalt altar of Yredelemnul.
 11964 | D:9      | Reached *** piety under Okawaru
 12027 | Lair:1   | Entered Level 1 of the Lair of Beasts
 12168 | Lair:1   | Noticed Gastronok
 12174 | Lair:1   | HP: 2/65 [Gastronok/the air (20)]
 12175 | Lair:1   | Found a labyrinth entrance.
 12185 | Lab      | Entered a labyrinth
 13378 | Lab      | Found an exit through the horrors of the Abyss.
 13475 | Lab      | Noticed a minotaur
 13604 | Lab      | Demolished by a minotaur

Skill      XL: |  1  2  3  4  5  6  7  8  9 |
---------------+----------------------------+-----
Summonings     | 4 5 6 7 |  7.8
Spellcasting   | 3 4 6 7 |  7.5
Polearms       | 2 4 |  4.9
Fighting       | 1 4 |  4.0
Shields        | 1 3 |  3.0
Dodging        | |  1.5
Stealth        | |  1.5

Action                   |  1- 3 |  4- 6 |  7- 9 || total
-------------------------+-------+-------+-------++-------
Melee: Short sword       |    95 |       |       ||    95
       Unarmed           |     1 |       |       ||     1
       Trident           |       |   188 |   612 ||   800
 Cast: Summon Small Mamm |    52 |    81 |    70 ||   203
       Call Canine Famil |       |     4 |    76 ||    80
       Summon Guardian G |       |       |    20 ||    20
       Summon Ice Beast  |       |       |    53 ||    53
Invok: Heroism           |       |       |     1 ||     1
  Use: Scroll            |     2 |       |    12 ||    14
 Stab: Sleeping          |     1 |     3 |     8 ||    12
       Distracted        |       |     1 |    12 ||    13
Armor: Robe              |    43 |    62 |    37 ||   142
       Leather armour    |       |       |   120 ||   120
Dodge: Dodged            |   104 |   177 |   283 ||   564
Block: Other             |       |    14 |    15 ||    29
       Reflection        |       |     2 |     5 ||     7
       Buckler           |       |       |    70 ||    70
